 Dungeon Crawl Stone Soup version 0.20.0-10-g0535bb4 (console) character file.

758 removed the Conjurer (level 7, -3/38 HPs)
             Began as a Deep Elf Assassin on June 4, 2017.
             Was a Follower of Vehumet.
             Shot with an arrow by a centaur (4 damage)
             ... on level 5 of the Dungeon.
             The game lasted 00:10:48 (5786 turns).

removed the Conjurer (Deep Elf Assassin)            Turns: 5786, Time: 00:10:48

Health: -3/38      AC:  4    Str:  8      XL:     7   Next: 50%
Magic:  7/16       EV: 13    Int: 18      God:    Vehumet [*.....]
Gold:   259        SH:  0    Dex: 15 (16) Spells: 14/16 levels left

rFire    . . .     SeeInvis .   b - +0 blowgun
rCold    . . .     Gourm    .   (no shield)
rNeg     + . .     Faith    .   c - +0 robe
rPois    .         Spirit   .   C - +0 helmet
rElec    .         Reflect  .   d - +0 cloak
rCorr    .         Harm     .   (no gloves)
MR       .....                  (no boots)
Stlth    ++........             (no amulet)
Regen    0.2/turn               x - ring of positive energy
MPRegen  0.2/turn               E - ring of flight

@: heavily drained
A: no striking features
a: Renounce Religion, Evoke Flight


You were on level 5 of the Dungeon.
You worshipped Vehumet.
Vehumet was aware of your devotion.
You were not hungry.

You visited 1 branch of the dungeon, and saw 5 of its levels.

You collected 259 gold pieces.

Inventory:

Hand Weapons
 a - a +2 dagger
 b - a +0 blowgun (weapon)
 y - a +2 vampiric whip
 J - a +1 flail of protection
Missiles
 f - 7 curare-tipped needles (quivered)
Armour
 c - a +0 robe (worn)
 d - a +0 cloak (worn)
 B - a +0 leather armour
 C - a +0 helmet (worn)
 F - a +0 pair of gloves
Jewellery
 x - a ring of positive energy (left hand)
 E - a ring of flight (right hand)
 M - an uncursed amulet of harm
Wands
 A - a wand of digging (12/24)
Scrolls
 h - a scroll of blinking {unknown}
 k - a scroll of fog {unknown}
 m - 2 scrolls of noise {unknown}
 p - 3 scrolls of remove curse {unknown}
 q - a scroll of enchant armour {unknown}
 s - 4 scrolls of identify {unknown}
 t - 4 scrolls of teleportation {unknown}
 u - a scroll of random uselessness {unknown}
 D - a scroll of immolation {unknown}
 K - a scroll of amnesia {unknown}
Potions
 i - 3 potions of curing {unknown}
 n - 3 potions of brilliance {unknown}
 o - 5 potions of lignification {unknown}
 r - a potion of haste {unknown}
 v - a potion of heal wounds
 z - 2 potions of magic {unknown}
 G - a potion of resistance {unknown}
Books
 I - a book of Cantrips

   Spells                             Type                      Level
   a - Confusing Touch                Hexes                        1
   b - Animate Skeleton               Necromancy                   1
   c - Summon Small Mammal            Summoning                    1
   d - Apportation                    Translocation                1
Comestibles
 g - 5 bread rations
 j - 2 meat rations
 L - 2 chunks of flesh


   Skills:
 - Level 1.5(0.1) Fighting
 - Level 4.0(2.4) Short Blades
 - Level 2.0(0.5) Throwing
 - Level 3.7(2.2) Dodging
 - Level 4.8(3.2) Stealth
 - Level 5.2(3.6) Spellcasting
 + Level 5.8(4.2) Conjurations


You had 14 spell levels left.
You knew the following spells:

 Your Spells              Type           Power        Failure   Level  Hunger
a - Magic Dart            Conj           ###.         2%          1    None
A - Apportation           Tloc           #.....       16%         1    None


Dungeon Overview and Level Annotations

Branches:
Dungeon (5/15)
 Temple: D:4-7

Altars:
Dithmenos
Okawaru
Vehumet

Annotations:
D:3 exclusion: wight


Message History

The centaur shoots an arrow.
The arrow barely misses you.
Unknown command.
Casting: Magic Dart
Confirm with . or Enter, or press ? or * to list all spells.
Aiming: Magic Dart
Press: ? - help, Shift-Dir - straight line, f/p - centaur
Aim: a centaur, wielding a shortbow (severely wounded, slow, poisoned)
The magic dart hits the centaur.
The centaur is severely wounded.
The centaur shoots an arrow.
The arrow barely misses you.
Unknown command.
Casting: Magic Dart
Confirm with . or Enter, or press ? or * to list all spells.
Aiming: Magic Dart
Press: ? - help, Shift-Dir - straight line, f/p - centaur
Aim: a centaur, wielding a shortbow (severely wounded, slow, poisoned)
The magic dart hits the centaur.
The centaur is severely wounded.
The centaur shoots an arrow.
The arrow hits you.
You die...

#(... ##
##.#. (c
###?.).#.
#..... (
#.#....#
#.##.#c#
#.##.(.#
##@##(#####.
#..(cS....<..
#.#######.#.#
#.# #.# #.#
#.# #.# #.#
#.# #.# #.#
#.#
#.#######.#
#.#


You could see a centaur and an adder.

Vanquished Creatures
  Blork the orc (D:5)
  The ghost of removed the Sneak, an amateur DEAs (D:3)
  A scorpion (D:4)
  A quasit (D:5)
  2 hounds (D:5)
  A gnoll shaman (D:5)
  An orc wizard (D:5)
  A bullfrog skeleton (D:5)
  Ijyb (D:3)
  4 worker ants
  Robin (D:3)
  8 gnolls (D:5)
  8 adders
  2 oozes (D:1)
  2 worms (D:3)
  4 dart slugs
  2 leopard geckos (D:3)
  7 orcs
  2 ball pythons
  7 goblins
  6 hobgoblins
  7 jackals
  6 kobolds
  6 quokkas
  10 bats
  9 frilled lizards
  A jackal skeleton (D:5)
  9 rats
111 creatures vanquished.

Vanquished Creatures (others)
  5 toadstools (D:1)
5 creatures vanquished.

Grand Total: 116 creatures vanquished

Notes
Turn   | Place    | Note
-------+----------+-------------------------------------------
     0 | D:1      | removed the Deep Elf Assassin began the quest for the Orb.
     0 | D:1      | Reached XP level 1. HP: 12/12 MP: 3/3
   251 | D:1      | Reached XP level 2. HP: 16/16 MP: 4/4
   654 | D:1      | Reached XP level 3. HP: 6/20 MP: 5/5
  1514 | D:2      | Found a radiant altar of Vehumet.
  1517 | D:2      | Became a worshipper of Vehumet
  1525 | D:2      | Found a shadowy altar of Dithmenos.
  1986 | D:2      | Reached XP level 4. HP: 12/25 MP: 6/6
  2315 | D:3      | Noticed removed's ghost (amateur DEAs)
  2638 | D:3      | Noticed Ijyb
  2650 | D:3      | Killed Ijyb
  2685 | D:3      | Noticed Robin
  2746 | D:3      | Reached skill level 1 in Spellcasting
  2758 | D:3      | Killed Robin
  2758 | D:3      | Reached XP level 5. HP: 13/29 MP: 7/9
  3380 | D:3      | Killed removed's ghost
  3467 | D:3      | Found an iron altar of Okawaru.
  3710 | D:4      | Reached XP level 6. HP: 34/34 MP: 13/15
  3755 | D:4      | Reached * piety under Vehumet
  3755 | D:4      | Offered knowledge of Magic Dart by Vehumet.
  3755 | D:4      | Reached skill level 5 in Spellcasting
  3758 | D:4      | Learned a level 1 spell: Magic Dart
  4232 | D:4      | Reached skill level 1 in Conjurations
  4427 | D:5      | Entered Level 5 of the Dungeon
  5092 | D:5      | Learned a level 1 spell: Apportation
  5169 | D:5      | Reached XP level 7. HP: 37/38 MP: 11/16
  5397 | D:5      | Noticed Blork the orc
  5441 | D:5      | Killed Blork the orc
  5482 | D:5      | Reached skill level 5 in Conjurations
  5782 | D:5      | HP: 1/38 [centaur/arrow (13)]
  5786 | D:5      | Shot with an arrow by a centaur

Skill      XL: |  1  2  3  4  5  6  7 |
---------------+----------------------+-----
Short Blades   | 3 4 |  4.0
Dodging        | 2 3 |  3.7
Spellcasting   | 1 4 5 |  5.2
Conjurations   | 4 5 |  5.8
Fighting       | |  1.5
Throwing       | |  2.0
Stealth        | |  4.8

Action                   |  1- 3 |  4- 6 |  7- 9 || total
-------------------------+-------+-------+-------++-------
Melee: Dagger            |   139 |   151 |       ||   290
 Fire: Blowgun           |    10 |    64 |    21 ||    95
 Cast: Magic Dart        |       |    84 |    74 ||   158
  Use: Potion            |       |       |     1 ||     1
 Stab: Sleeping          |     8 |     5 |       ||    13
       Distracted        |       |     1 |       ||     1
  Eat: Chunk             |     3 |    10 |     2 ||    15
Armor: Robe              |    42 |    26 |    14 ||    82
Dodge: Dodged            |   119 |    97 |    39 ||   255
